 Dungeon Crawl Stone Soup version 0.24.0-29-g8ce449bc06 (webtiles) character file.

Game seed: 12367790967523520088, levelgen mode: deterministic

65 Esekla the Magician (level 3, -6/25 HPs)
             Began as a Demonspawn Wanderer on Nov 17, 2019.
             Mangled by an orc
             ... wielding a +2 flail of distortion
              (18 damage)
             ... on level 3 of the Dungeon.
             The game lasted 00:18:04 (2230 turns).

Esekla the Magician (Demonspawn Wanderer)           Turns: 2230, Time: 00:18:08

Health: -6/25      AC:  3    Str:  9    XL:     3   Next: 94%
Magic:  4/9        EV: 11    Int: 15    God:
Gold:   122        SH:  0    Dex: 14    Spells: 2/11 levels left

rFire    . . .     SeeInvis .   g - +1 short sword
rCold    . . .     Gourm    .   (no shield)
rNeg     . . .     Faith    .   c - +0 robe
rPois    .         Spirit   .   (no helmet)
rElec    .         Reflect  .   (no cloak)
rCorr    .         Harm     .   j - +0 pair of gloves
MR       .....                  (no boots)
Stlth    ++........             (no amulet)
HPRegen  0.08/turn              (no ring)
MPRegen  0.11/turn              (no ring)

@: no status effects
A: powered by death 1
a: no special abilities


You were on level 3 of the Dungeon.
You were very hungry.

You visited 1 branch of the dungeon, and saw 3 of its levels.

You collected 122 gold pieces.

Inventory:

Hand Weapons
 g - a +1 short sword (weapon)
 m - a +0 spear
Armour
 c - a +0 robe (worn)
 j - a +0 pair of gloves (worn)
Wands
 k - a wand of disintegration (8)
Scrolls
 b - 2 scrolls of teleportation
 e - 3 scrolls of remove curse
 h - a scroll of enchant armour {unknown}
 l - a scroll of magic mapping {unknown}
Potions
 a - a potion of ambrosia {unknown}
 d - a potion of brilliance {unknown}
 i - 2 potions of haste
Comestibles
 f - 5 rations


   Skills:
 + Level 0.5 Fighting
 + Level 0.8 Short Blades
 - Level 1.0 Throwing
 + Level 0.2 Dodging
 + Level 1.5 Stealth
 * Level 4.7 Spellcasting
 + Level 2.1 Conjurations
   Level 1.0 Charms
 * Level 0.3 Translocations
 + Level 1.0 Fire Magic
 * Level 0.3 Poison Magic


You had 2 spell levels left.
You knew the following spells:

 Your Spells              Type           Power        Failure   Level  Hunger
a - Magic Dart            Conj           #...         7%          1    None
b - Blink                 Tloc           N/A          22%         2    ##.....
c - Mephitic Cloud        Conj/Pois/Air  #.......     34%         3    ###....
f - Conjure Flame         Conj/Fire      #.......     26%         3    ###....

Your spell library contained the following spells:

 Spells                   Type           Power        Failure   Level  Hunger
 Call Imp                 Summ           #.......     26%         2    ##.....
 Slow                     Hex            #.......     26%         2    ##.....


Dungeon Overview and Level Annotations

Branches:
Dungeon (3/15)

Altars:

Annotations:
D:3 Natasha


Innate Abilities, Weirdness & Mutations

You regenerate a little health from kills.


Message History

The orc wizard is engulfed in noxious fumes.
The orc wizard appears confused.
Casting: Mephitic Cloud (safe; 34% risk of failure)
Confirm with . or Enter, or press ? or * to list all spells.
Aiming: Magic Dart (safe; 7% risk of failure)
Press: ? - help, Shift-Dir - straight line, f/p - orc wizard
Aim: an orc wizard, wielding a +0 dagger and wearing a +0 robe (moderately wounded, confused)
The magic dart hits the orc wizard.
The orc wizard is heavily wounded.
You hit the orc wizard but do no damage.
The orc wizard is heavily wounded.
The rat closely misses the orc.
The orc wizard hits you but does no damage.
You hit the orc wizard.
The orc wizard is severely wounded.
A kobold comes into view. It is wielding a +0 short sword.
The orc wizard completely misses the rat.
The orc hits you but does no damage. Space warps horribly around you!!
Ouch! That really hurt!
You die...

##. .. ..## .. .. ...
K# . .o ###.# .#.###.#
### #... .....#.#
...#..#######.##o#..
#.#.#.@#?...o..##.#.#
#....oo##.###..##)#.#
####.#r###.# #..##.#.#
.......g..o.# #..o..#.#
######?...######.####.#
.......)............#
####....#######.##..#
#....# #.##..# ####
#....# #.##..#


You could see an orc wizard (confused), an orc, a goblin, a kobold and a rat
(confused).

Vanquished Creatures
  An adder (D:2)
  A worm (D:2)
  A dart slug (D:1)
  2 leopard geckos (D:1)
  2 orcs (D:3)
  A giant cockroach (D:2)
  4 goblins
  3 hobgoblins
  10 jackals
  A quokka (D:2)
  7 bats
  A frilled lizard (D:1)
  6 kobolds
  6 rats
46 creatures vanquished.

Notes
Turn   | Place    | Note
-------+----------+-------------------------------------------
     0 | D:1      | Esekla the Demonspawn Wanderer began the quest for the Orb.
     0 | D:1      | Esekla set off with the following items: a +0 dagger, a
                  | scroll of teleportation, a +0 robe, a ration; and the
                  | following spell memorised: Magic Dart; and the following
                  | spells available to memorise: Blink, Call Imp, Slow,
                  | Conjure Flame, Mephitic Cloud
     0 | D:1      | Reached XP level 1. HP: 13/13 MP: 5/5
   315 | D:1      | Gained mutation: You regenerate a little health from kills.
                  | [demonic ancestry]
   315 | D:1      | Reached XP level 2. HP: 19/19 MP: 1/7
   486 | D:1      | Learned a level 2 spell: Blink
   867 | D:1      | Reached XP level 3. HP: 24/24 MP: 9/9
   872 | D:1      | Learned a level 3 spell: Mephitic Cloud
   877 | D:1      | Learned a level 3 spell: Conjure Flame
  1558 | D:2      | Found a faded altar of an unknown god.
  2066 | D:3      | Noticed Natasha
  2230 | D:3      | Mangled by an orc

Levels and vault maps discovered:
D:1:      dpeg_arrival_pond, layout_loops_ring, minmay_misc_feat_more_columns,
          serial_park_tiny_1
D:2:      layout_loops_ring, yredelemnul_forgotten_temple_becter,
          gammafunk_temple_overflow_pools, chequers_ecumenical_altar_twisty
D:3:      layout_basic, kennysheep_slug_shrine, uniq_natasha, uniq_grinder

Action                   || total
-------------------------++-------
Melee: Dagger            ||     3
       Short sword       ||    90
 Cast: Magic Dart        ||    81
       Mephitic Cloud    ||     2
       Blink             ||     1
  Use: Scroll            ||     5
 Stab: Sleeping          ||     1
       Confused          ||     1
  Eat: Chunk             ||     3
Armor: Robe              ||    32
Dodge: Dodged            ||    76
